 Dungeon Crawl Stone Soup version 0.28-a0-1518-gbe868bca14 (webtiles) character file.

Game seed: 13190314450416783569

14 Zdeegee the Sneak (level 2, 0/22 HPs)
             Began as a Demonspawn Brigand on Jan 17, 2022.
             Succumbed to a kobold's poison
             ... on level 1 of the Dungeon.
             The game lasted 00:01:50 (500 turns).

Zdeegee the Sneak (Demonspawn Brigand)               Turns: 500, Time: 00:01:50

Health: 0/22       AC:  3    Str: 11    XL:     2   Next: 31%
Magic:  2/2        EV: 11    Int: 12    God:
Gold:   43         SH:  0    Dex: 14    Spells: 1/1 levels left

rFire   . . .      SeeInvis .   a - +2 dagger
rCold   . . .      Faith    .   (no shield)
rNeg    . . .      Spirit   .   b - +0 robe
rPois   .          Reflect  .   (no helmet)
rElec   .          Harm     .   c - +0 cloak
rCorr   .          Rampage  .   (no gloves)
Will    .....                   (no boots)
Stlth   +++.......              (no amulet)
HPRegen 0.07/turn               (no ring)
MPRegen 0.08/turn               (no ring)

@: lethally poisoned (0 -> -19)
A: hooves 1
a: no special abilities


You were on level 1 of the Dungeon.
You visited 1 branch of the dungeon, and saw 1 of its levels.

You collected 43 gold pieces.

Inventory:

Hand Weapons
 a - a +2 dagger (weapon)
Missiles
 d - 6 poisoned darts (quivered)
 e - 2 curare-tipped darts
Armour
 b - a +0 robe (worn)
 c - a +0 cloak (worn)
Scrolls
 g - a scroll of identify {unknown}
Potions
 f - a potion of lignification {unknown}


   Skills:
 * Level 2.1 Fighting
 * Level 1.8 Short Blades
 + Level 2.0 Throwing
 * Level 1.0 Dodging
 * Level 3.9 Stealth
 * Level 0.1 Hexes


You had one spell level left.
You didn't know any spells.
Your spell library contained the following spells:

 Spells                   Type           Power      Damage    Failure   Level
 Portal Projectile        Hex/Tloc       0%         N/A       69%         3
 Blade Hands              Tmut           0%         N/A       100%        5
 Excruciating Wounds      Necr           0%         N/A       100%        5


Dungeon Overview and Level Annotations

Branches:
Dungeon (1/15)

Altars:


Innate Abilities, Weirdness & Mutations

You have large cloven feet.


Message History

You kill the goblin!
No target in view!
No target in view!
Things that are here:
a +0 club; a goblin corpse An endoplasm comes into view.
An endoplasm is nearby!
A kobold comes into view. It is wielding a +2 dagger of venom.
The endoplasm quivers.
You hit the endoplasm. You kick the endoplasm.
You kill the endoplasm!
Your Throwing skill increases to level 2!
Found a stone staircase leading down.
The kobold shouts!
A bat comes into view.
The kobold hits you with a +2 dagger of venom.
You are poisoned.
You hit the kobold but do no damage.
You feel very sick.
The kobold hits you with a +2 dagger of venom.
You are lethally poisoned!
You closely miss the kobold. Your kick misses the kobold.
You feel very sick. The kobold hits you but does no damage.
You are too injured to fight recklessly!
You are too injured to fight recklessly!
You are too injured to fight recklessly!
You hit the kobold.
The kobold is moderately wounded.
You feel very sick. The kobold hits you but does no damage.
You are more poisoned.
You hit the kobold.
The kobold is severely wounded.
* * * LOW HITPOINT WARNING * * *
You feel very sick. The kobold completely misses you.
You hit the kobold.
You kill the kobold!
You die...

.#
#..#.##...####.#
.#
#..#.##.#.####.#
.###..#
##.#....#.######
.......
..#..#..........
.......
................
.####.#
##.......#####..
...... #.#.....#
##....
##.##....#
......
.......@.#
##....
##.##..#)# # ...
# #.. b# # . ##.
.. # #. .## ##
.# ># ##


You could see a bat.

Vanquished Creatures
  2 bats (D:1)
  2 endoplasms (D:1)
  A giant cockroach (D:1)
  2 goblins (D:1)
  3 jackals (D:1)
  A ball python (D:1)
  2 kobolds (D:1)
13 creatures vanquished.

Notes
Turn   | Place    | Note
-------+----------+-------------------------------------------
     0 | D:1      | Zdeegee the Demonspawn Brigand began the quest for the Orb.
     0 | D:1      | Reached XP level 1. HP: 16/16 MP: 1/1
   170 | D:1      | Gained mutation: You have large cloven feet. [demonic
                  | ancestry]
   170 | D:1      | Reached XP level 2. HP: 21/22 MP: 2/2
   338 | D:1      | Reached skill level 1 in Dodging
   500 | D:1      | Succumbed to a kobold's poison

Illustrated notes

Levels and vault maps discovered:
D:1:      psy_arrival_terrarium, layout_basic,
          hellmonk_ecumenical_altar_leap_of_faith, minmay_pentomino_s4

Skill      XL: |  1  2 |
---------------+-------+-----
Dodging        | 1 |  1.0
Throwing       | 2 |  2.0
Fighting       | |  2.1
Short Blades   | |  1.8
Stealth        | |  3.9
Hexes          | |  0.1

Action                   || total
-------------------------++-------
Melee: Dagger            ||    26
       Kick              ||     4
Throw: Dart              ||     7
 Stab: Sleeping          ||     1
Armor: Robe              ||     7
Dodge: Dodged            ||    13

Table legend: (Time is in decaauts)
 A = Elapsed time spent in this place.
 B = Non-inter-level travel time spent in this place.
 C = Inter-level travel time spent in this place.
 D = Time resting spent in this place.
 E = Time spent auto-exploring this place.
 F = Levels seen in this place.
 G = Mean time per level.
                   A        B        C        D        E       F      G
               +--------+--------+--------+--------+--------+-----+--------+
         Total |    497 |    497 |      0 |      0 |    403 |   1 |  497.0 |
       Dungeon |    497 |    497 |      0 |      0 |    403 |   1 |  497.0 |
               +--------+--------+--------+--------+--------+-----+--------+

Top non-repeatable levels by time:
     D:1: 497 daAuts
